 Dungeon Sprint DCSS version 0.21-a0-286-g6fcecc0 (webtiles) character file.

13 potatolord6000 the Merchant of Misery (level 2, 0/19 HPs)
             Began as a Demonspawn Necromancer on Sept 27, 2017.
             Was a Believer of Kikubaaqudgha.
             Slain by a gnoll
             ... wielding a +0 spear
              (7 damage)
             ... in the Dungeon (Sprint VII: "The Pits").
             The game lasted 00:03:16 (470 turns).

potatolord6000 the Merchant of Misery (DsNe)         Turns: 470, Time: 00:03:17

Health: 0/19       AC:  4    Str:  8    XL:     2   Next: 24%
Magic:  1/5        EV: 13    Int: 16    God:    Kikubaaqudgha [**....]
Gold:   0          SH:  0    Dex: 13    Spells: 4/6 levels left

rFire    . . .     SeeInvis .   j - +2 falchion
rCold    . . .     Gourm    .   (no shield)
rNeg     . . .     Faith    .   a - +0 robe
rPois    .         Spirit   .   (no helmet)
rElec    .         Reflect  .   (no cloak)
rCorr    .         Harm     .   (no gloves)
MR       .....     NoTele   +   (no boots)
Stlth    ++........             (no amulet)
HPRegen  0.06/turn              (no ring)
MPRegen  0.09/turn              (no ring)

@: no status effects
A: slimy green scales 1
a: Receive Corpses, Renounce Religion


You were in the Dungeon.
You worshipped Kikubaaqudgha.
Kikubaaqudgha was pleased with you.
You were not hungry.

You visited 1 branch

Inventory:

Hand Weapons
 j - a +2 falchion (weapon)
Armour
 a - a +0 robe (worn)
Scrolls
 i - a scroll of blinking
 l - 3 scrolls of remove curse
 m - 5 scrolls of amnesia
 n - a scroll of summoning
Potions
 d - a potion of curing
 g - 4 potions of magic
 h - 3 potions of berserk rage
 k - 2 potions of invisibility
Books
 b - a book of Necromancy

   Spells                             Type                      Level
   a - Pain                           Necromancy                   1
   b - Animate Skeleton               Necromancy                   1
   c - Vampiric Draining              Necromancy                   3
   d - Regeneration                   Charms/Necromancy            3
   e - Animate Dead                   Necromancy                   4
   f - Control Undead                 Necromancy                   4
Comestibles
 c - 8 bread rations
 o - 40 fruits
 p - 7 meat rations


   Skills:
 + Level 1.5 Long Blades
 + Level 2.6 Dodging
 + Level 2.6 Stealth
 + Level 2.6 Spellcasting
 + Level 5.0 Necromancy


You had 4 spell levels left.
You knew the following spells:

 Your Spells              Type           Power        Failure   Level  Hunger
a - Pain                  Necr           ###.         2%          1    #......
b - Animate Skeleton      Necr           N/A          2%          1    #......


Dungeon Overview and Level Annotations

Branches:
Dungeon (1/1)

Altars:
Ashenzari
Cheibriados
Dithmenos
Elyvilon
Fedhas
Gozag
Hepliaklqana
Kikubaaqudgha
Makhleb
Nemelex Xobeh
Okawaru
Qazlal
Ru
Sif Muna
Trog
Uskayaw
Vehumet
Wu Jian
Xom
Yredelemnul
Zin
The Shining One
Beogh
Jiyva
Lugonu


Innate Abilities, Weirdness & Mutations

You are partially covered in slimy green scales. (AC +2)


Message History

Confirm with . or Enter, or press ? or * to list all spells.
Aiming: Pain
Press: ? - help, Shift-Dir - straight line, f/p - gnoll
Aim: a gnoll, wielding a spear (moderately wounded, chance to defeat MR: 84%)
The ball python writhes in agony!
You kill the ball python!
Kikubaaqudgha accepts your kill.
The gnoll hits you from afar with a spear.
The ball python misses you.
You riposte.
You hit the ball python.
You kill the ball python!
Kikubaaqudgha accepts your kill.
Casting: Pain
Confirm with . or Enter, or press ? or * to list all spells.
Aiming: Pain
Press: ? - help, Shift-Dir - straight line, f/p - gnoll
Aim: a gnoll, wielding a spear (moderately wounded, chance to defeat MR: 84%)
The gnoll writhes in agony!
The gnoll hits you from afar with a spear!
You die...
Kikubaaqudgha rasps: "You have failed me!
Welcome... death!"

##########.##..........
#......:....'..........
#+#####'#####......#..#
#.....# #..........
#.....# ####'#####+
###'### #.......#
#.....# #.......#
#.....# #.......#
####@## #...<...#
#.g†.†...##.......#
#........##.......#
###########.......#
#########


You could see a gnoll.

Vanquished Creatures
  An ufetubus (D)
  2 ball pythons (D)
  2 jackals (D)
  A frilled lizard (D)
  A jackal skeleton (D)
  A kobold (D)
  A quokka skeleton (D)
9 creatures vanquished.

Notes
Turn   | Place    | Note
-------+----------+-------------------------------------------
     0 | D        | potatolord6000 the Demonspawn Necromancer began the quest for the Orb.
     0 | D        | Reached XP level 1. HP: 13/13 MP: 3/3
    57 | D        | Found a bloodstained altar of Trog.
    57 | D        | Found a deep blue altar of Sif Muna.
    57 | D        | Found a viscous altar of Jiyva.
    57 | D        | Found a hazy altar of Hepliaklqana.
    57 | D        | Found an opulent altar of Gozag.
    58 | D        | Found a glowing golden altar of the Shining One.
    58 | D        | Found a glowing silver altar of Zin.
    58 | D        | Found a basalt altar of Yredelemnul.
    58 | D        | Found a shimmering altar of Xom.
    58 | D        | Found an ornate altar of the Wu Jian Council.
    58 | D        | Found a sacrificial altar of Ru.
    58 | D        | Found a stormy altar of Qazlal.
    58 | D        | Found an iron altar of Okawaru.
    58 | D        | Found a sparkling altar of Nemelex Xobeh.
    58 | D        | Found a burning altar of Makhleb.
    58 | D        | Found a blossoming altar of Fedhas.
    58 | D        | Found a white marble altar of Elyvilon.
    58 | D        | Found a shadowy altar of Dithmenos.
    58 | D        | Found a snail-covered altar of Cheibriados.
    60 | D        | Found a radiant altar of Vehumet.
    60 | D        | Found a corrupted altar of Lugonu.
    60 | D        | Found a roughly hewn altar of Beogh.
    62 | D        | Found an ancient bone altar of Kikubaaqudgha.
    62 | D        | Found a hide-covered altar of Uskayaw.
    62 | D        | Found a shattered altar of Ashenzari.
    72 | D        | Became a worshipper of Kikubaaqudgha
    99 | D        | Reached * piety under Kikubaaqudgha
    99 | D        | Identified Kikubaaqudgha's Reference Book on Evil (Kikubaaqudgha gifted it to you in the Dungeon)
    99 | D        | Received a gift from Kikubaaqudgha
    99 | D        | Reached skill level 1 in Long Blades
   104 | D        | Learned a level 1 spell: Animate Skeleton
   336 | D        | Gained mutation: You are partially covered in slimy green scales. (AC +2) [demonic ancestry]
   336 | D        | Reached XP level 2. HP: 13/19 MP: 2/5
   464 | D        | Reached ** piety under Kikubaaqudgha
   464 | D        | Reached skill level 5 in Necromancy
   470 | D        | Slain by a gnoll

Vault maps used:
D:        pitsprint

Skill      XL: |  1  2 |
---------------+-------+-----
Dodging        | 2 |  2.6
Stealth        | 2 |  2.6
Long Blades    | 1 |  1.5
Necromancy     | 5 |  5.0
Spellcasting   | |  2.6

Action                   || total
-------------------------++-------
Melee: Falchion          ||    14
       Unarmed           ||     9
 Cast: Pain              ||     7
       Animate Skeleton  ||     1
  Use: Potion            ||     2
Armor: Robe              ||     2
Dodge: Dodged            ||    27
       Rpst.: Falchion   ||     6

Table legend:
 A = Spawn XP
 B = Non-spawn XP
 C = Spawn XP percentage of total XP
 D = Spawn monster count
 E = Non-spawn monster count
 F = Spawn count percentage of total count
 G = Total turns spent on level
                    A         B        C        D         E        F      G
               +---------+---------+-------+---------+---------+-------+---------
         Total |       0 |      19 |   0.0 |       0 |       9 |   0.0 |   470
               +---------+---------+-------+---------+---------+-------+---------
             D |       0 |      19 |   0.0 |       0 |       9 |   0.0 |   470
               +---------+---------+-------+---------+---------+-------+---------
